 Dungeon Sprint DCSS version 0.21-a0-286-g6fcecc0 (webtiles) character file.

2111 potatolord6000 the Spear-Bearer (level 9, -2/79 HPs)
             Began as a Merfolk Skald on Sept 26, 2017.
             Was a High Priest of Sif Muna.
             Slain by a merfolk impaler
             ... wielding a +2 trident of freezing
              (5 damage)
             ... in the Dungeon (Sprint VII: "The Pits").
             The game lasted 00:08:55 (1248 turns).

potatolord6000 the Spear-Bearer (Merfolk Skald)     Turns: 1248, Time: 00:08:56

Health: -2/79      AC: 11    Str: 12    XL:     9   Next: 28%
Magic:  15/21      EV: 18    Int: 18    God:    Sif Muna [*****.]
Gold:   0          SH:  0    Dex: 16    Spells: 16/25 levels left

rFire    . . .     SeeInvis .   x - +2 halberd (protect)
rCold    . . .     Gourm    .   (shield currently unavailable)
rNeg     . . .     Faith    .   a - +3 ring mail
rPois    .         Spirit   .   w - +0 helmet
rElec    .         Reflect  .   u - +0 cloak
rCorr    .         Harm     .   v - +0 pair of gloves
MR       .....     NoTele   +   (no boots)
Stlth    +.........             (no amulet)
HPRegen  0.23/turn              b - +3 ring of intelligence
MPRegen  0.17/turn              g - +3 ring of dexterity

@: singing (expiring), very slightly contaminated, hasted, very quick
A: change form in water, swift swim, stealthy swim
a: Divine Energy, Channel Magic, Forget Spell, Renounce Religion


You were in the Dungeon.
You worshipped Sif Muna.
Sif Muna was extremely pleased with you.
You were full.

You visited 1 branch

Inventory:

Hand Weapons
 x - a +2 halberd of protection (weapon)
Armour
 a - a +3 ring mail (worn)
 u - a +0 cloak (worn)
 v - a +0 pair of gloves (worn)
 w - a +0 helmet (worn)
Jewellery
 b - a +3 ring of intelligence (left hand)
 g - a +3 ring of dexterity (right hand)
Scrolls
 j - a scroll of blinking
 l - 3 scrolls of remove curse
 m - 5 scrolls of amnesia
Potions
 e - 4 potions of curing
 h - 3 potions of magic
 i - 3 potions of berserk rage
 k - a potion of invisibility
 r - a potion of brilliance
 s - a potion of agility
 t - a potion of haste
Books
 c - a book of Battle

   Spells                             Type                      Level
   a - Infusion                       Charms                       1
   b - Shroud of Golubria             Charms/Translocation         2
   c - Song of Slaying                Charms                       2
   d - Spectral Weapon                Hexes/Charms                 3
   e - Regeneration                   Charms/Necromancy            3
Comestibles
 d - 8 bread rations
 o - 40 fruits
 p - 5 meat rations


   Skills:
 + Level 10.4 Fighting
 + Level 13.0 Polearms
 - Level 0.6 Armour
 + Level 12.1 Dodging
 + Level 8.8 Spellcasting
 + Level 10.5 Charms


You had 16 spell levels left.
You knew the following spells:

 Your Spells              Type           Power        Failure   Level  Hunger
a - Infusion              Chrm           ####         1%          1    None
b - Song of Slaying       Chrm           #####...     1%          2    None
c - Regeneration          Chrm/Necr      ####......   7%          3    None
d - Spectral Weapon       Hex/Chrm       ####....     7%          3    None


Dungeon Overview and Level Annotations

Branches:
Dungeon (1/1)

Altars:
Ashenzari
Cheibriados
Dithmenos
Elyvilon
Fedhas
Gozag
Hepliaklqana
Kikubaaqudgha
Makhleb
Nemelex Xobeh
Okawaru
Qazlal
Ru
Sif Muna
Trog
Uskayaw
Vehumet
Wu Jian
Xom
Yredelemnul
Zin
The Shining One
Beogh
Jiyva
Lugonu


Message History

Unknown command.
Your spectral weapon fades away.
Unknown command.
Unknown command.
Unknown command.
You feel better. The merfolk impaler barely misses you.
Your small abomination barely misses the merfolk impaler.
The merfolk hits your small abomination with a trident!
Unknown command.
Unknown command.
Okay, then.
Casting: Spectral Weapon
Confirm with . or Enter, or press ? or * to list all spells.
You miscast Regeneration.
You are very lightly contaminated with residual magic.
Nothing appears to happen.
The merfolk impaler hits you from afar with a trident of freezing!
* * * LOW HITPOINT WARNING * * *
The merfolk impaler freezes you.
You die...

###'##................#
))'.##......#..#......#
###.##................+
.....'................+
'#####......#..#......#
.#[[##................#
.#))#####'#####''######
##))##.......##''#####
.#))##.......##.@....#
.#..##.......##......#
##'###...<...###mx..##
....##.......# ##m)##
....##.......# #....#
######.......##......#
.#.. ##########......+
.#.############......#
.#.#....#...[###....##


You could see a merfolk impaler, a merfolk and a friendly small abomination.

Vanquished Creatures
  A smoke demon (D)
  A guardian mummy (D)
  2 merfolk (D)
  A hornet (D)
  Grinder (D)
  A flying skull (D)
  A hungry ghost (D)
  A floating eye (D)
  2 sky beasts (D)
  A phantom (D)
  A big kobold (D)
  A worker ant (D)
  A gnoll (D)
  2 river rats (D)
  A white imp (D)
  2 leopard geckos (D)
  A bat zombie (D)
  A giant cockroach (D)
  2 hobgoblins (D)
  2 jackals (D)
  A quokka (D)
  A rat (D)
28 creatures vanquished.

Vanquished Creatures (collateral kills)
  An iguana (D)
1 creature vanquished.

Grand Total: 29 creatures vanquished

Notes
Turn   | Place    | Note
-------+----------+-------------------------------------------
     0 | D        | potatolord6000 the Merfolk Skald began the quest for the Orb.
     0 | D        | Reached XP level 1. HP: 16/16 MP: 3/3
    12 | D        | Noticed a floating eye
    16 | D        | Killed a floating eye
    16 | D        | Reached skill level 6 in Polearms
    16 | D        | Reached skill level 5 in Dodging
    16 | D        | Reached skill level 5 in Charms
    16 | D        | Reached XP level 2. HP: 26/26 MP: 0/7
    16 | D        | Reached XP level 3. HP: 32/32 MP: 0/8
    16 | D        | Reached XP level 4. HP: 38/38 MP: 0/10
    21 | D        | Found a bloodstained altar of Trog.
    21 | D        | Found a deep blue altar of Sif Muna.
    21 | D        | Found a viscous altar of Jiyva.
    21 | D        | Found a hazy altar of Hepliaklqana.
    21 | D        | Found an opulent altar of Gozag.
    23 | D        | Found a glowing golden altar of the Shining One.
    23 | D        | Found a glowing silver altar of Zin.
    23 | D        | Found a basalt altar of Yredelemnul.
    23 | D        | Found a shimmering altar of Xom.
    23 | D        | Found an ornate altar of the Wu Jian Council.
    23 | D        | Found a sacrificial altar of Ru.
    23 | D        | Found a stormy altar of Qazlal.
    23 | D        | Found an iron altar of Okawaru.
    23 | D        | Found a sparkling altar of Nemelex Xobeh.
    23 | D        | Found a burning altar of Makhleb.
    23 | D        | Found a blossoming altar of Fedhas.
    23 | D        | Found a white marble altar of Elyvilon.
    23 | D        | Found a shadowy altar of Dithmenos.
    23 | D        | Found a snail-covered altar of Cheibriados.
    26 | D        | Found a corrupted altar of Lugonu.
    26 | D        | Found a radiant altar of Vehumet.
    26 | D        | Found a roughly hewn altar of Beogh.
    27 | D        | Found an ancient bone altar of Kikubaaqudgha.
    27 | D        | Found a hide-covered altar of Uskayaw.
    27 | D        | Found a shattered altar of Ashenzari.
    28 | D        | Became a worshipper of Sif Muna the Loreminder
    32 | D        | Learned a level 2 spell: Song of Slaying
    36 | D        | Learned a level 3 spell: Regeneration
    40 | D        | Learned a level 3 spell: Spectral Weapon
   104 | D        | Reached skill level 5 in Fighting
   104 | D        | Reached XP level 5. HP: 37/44 MP: 8/11
   122 | D        | Reached skill level 7 in Polearms
   125 | D        | Reached * piety under Sif Muna
   338 | D        | Noticed a hungry ghost
   352 | D        | Killed a hungry ghost
   352 | D        | Reached ** piety under Sif Muna
   352 | D        | Reached skill level 8 in Polearms
   352 | D        | Reached skill level 5 in Spellcasting
   352 | D        | Reached XP level 6. HP: 49/53 MP: 4/14
   355 | D        | Noticed Grinder
   358 | D        | Paralysed by Grinder for 3 turns
   378 | D        | Killed Grinder
   378 | D        | Reached skill level 9 in Polearms
   378 | D        | Reached XP level 7. HP: 21/60 MP: 8/16
   385 | D        | Reached skill level 10 in Polearms
   588 | D        | Noticed a flying skull
   601 | D        | Killed a flying skull
   601 | D        | Reached *** piety under Sif Muna
   792 | D        | Noticed a smoke demon
   810 | D        | Killed a smoke demon
   810 | D        | Reached skill level 11 in Polearms
   810 | D        | Reached skill level 10 in Dodging
   810 | D        | Reached XP level 8. HP: 44/71 MP: 5/19
  1045 | D        | Noticed a guardian mummy
  1049 | D        | Reached **** piety under Sif Muna
  1057 | D        | Killed a guardian mummy
  1057 | D        | Reached skill level 12 in Polearms
  1204 | D        | Noticed a merfolk impaler
  1204 | D        | Noticed a merfolk
  1204 | D        | Noticed a merfolk
  1204 | D        | Noticed a merfolk
  1204 | D        | Noticed a hornet
  1213 | D        | Killed a merfolk
  1213 | D        | Reached skill level 10 in Fighting
  1213 | D        | Reached skill level 10 in Charms
  1213 | D        | Reached XP level 9. HP: 31/78 MP: 14/21
  1216 | D        | Killed a hornet
  1238 | D        | Killed a merfolk
  1238 | D        | Reached ***** piety under Sif Muna
  1238 | D        | Reached skill level 13 in Polearms
  1248 | D        | HP: 3/79 [merfolk impaler/trident of freezing (14)]
  1248 | D        | Slain by a merfolk impaler

Vault maps used:
D:        pitsprint

Skill      XL: |  1  2  3  4  5  6  7  8  9 |
---------------+----------------------------+-----
Fighting       | 4 5 6 7 9 10 | 10.4
Polearms       | 6 8 9 11 12 13 | 13.0
Dodging        | 5 6 7 9 10 11 12 | 12.1
Spellcasting   | 4 5 6 7 8 |  8.8
Charms         | 5 7 9 10 | 10.5
Armour         | |  0.6

Action                   |  1- 3 |  4- 6 |  7- 9 || total
-------------------------+-------+-------+-------++-------
Melee: Spear             |     3 |       |       ||     3
       Trident           |       |    51 |    63 ||   114
       Halberd           |       |       |    14 ||    14
 Cast: Infusion          |     1 |     3 |     3 ||     7
       Song of Slaying   |       |     3 |     4 ||     7
       Spectral Weapon   |       |       |     5 ||     5
       Regeneration      |       |       |     3 ||     3
  Use: Potion            |       |     3 |    17 ||    20
       Scroll            |       |       |     1 ||     1
 Stab: Distracted        |       |       |     1 ||     1
  Eat: Meat ration       |       |       |     2 ||     2
Armor: Leather armour    |       |     7 |       ||     7
       Ring mail         |       |     7 |    22 ||    29
Dodge: Dodged            |       |    49 |    60 ||   109

Table legend:
 A = Spawn XP
 B = Non-spawn XP
 C = Spawn XP percentage of total XP
 D = Spawn monster count
 E = Non-spawn monster count
 F = Spawn count percentage of total count
 G = Total turns spent on level
                    A         B        C        D         E        F      G
               +---------+---------+-------+---------+---------+-------+---------
         Total |       0 |    3017 |   0.0 |       0 |      29 |   0.0 |  1248
               +---------+---------+-------+---------+---------+-------+---------
             D |       0 |    3017 |   0.0 |       0 |      29 |   0.0 |  1248
               +---------+---------+-------+---------+---------+-------+---------
